 Dungeon Crawl Stone Soup version 0.22.1-1-ga44c0e5 (webtiles) character file.

392 Fang the Chopper (level 6, -9/60 HPs)
             Began as a Gargoyle Berserker on Oct 15, 2018.
             Was a Believer of Trog.
             Killed from afar by an orc wizard (10 damage)
             ... with a puff of flame
             ... on level 4 of the Dungeon.
             The game lasted 00:03:21 (4176 turns).

Fang the Chopper (Gargoyle Berserker)               Turns: 4176, Time: 00:03:22

Health: -9/60      AC:  6    Str: 28    XL:     6   Next: 81%
Magic:  6/6        EV: 12    Int:  7    God:    Trog [**....]
Gold:   157        SH:  0    Dex:  9    Spells: 5/5 levels left

rFire    . . .     SeeInvis .   a - +0 hand axe
rCold    . . .     Gourm    .   (no shield)
rNeg     + . .     Faith    .   b - +0 animal skin
rPois    ∞         Spirit   .   (no helmet)
rElec    +         Reflect  .   (no cloak)
rCorr    .         Harm     .   (no gloves)
MR       .....                  (no boots)
Stlth    ..........             (no amulet)
HPRegen  0.20/turn              (no ring)
MPRegen  0.10/turn              (no ring)

@: berserking, very quick
A: negative energy resistance 1, electricity resistance, unbreathing,
petrification resistance, rot immunity, AC +4
a: Berserk, Trog's Hand, Renounce Religion


You were on level 4 of the Dungeon.
You worshipped Trog.
Trog was pleased with you.
You were very hungry.

You visited 1 branch of the dungeon, and saw 4 of its levels.

You collected 157 gold pieces.

Inventory:

Hand Weapons
 a - a +0 hand axe (weapon)
Armour
 b - a +0 animal skin (worn)
Jewellery
 m - a +1 ring of evasion {unknown}
Scrolls
 e - 3 scrolls of enchant armour {unknown}
 f - 2 scrolls of fear {unknown}
 g - 2 scrolls of fog {unknown}
 h - 2 scrolls of teleportation {unknown}
 j - 11 scrolls of identify {unknown}
 k - 2 scrolls of remove curse {unknown}
 n - a scroll of magic mapping {unknown}
Potions
 d - a potion of curing {unknown}
 i - a potion of ambrosia {unknown}
 l - a potion of mutation {unknown}
 o - a potion of lignification {unknown}
 p - a potion of cancellation {unknown}
Comestibles
 c - 5 rations
 q - 2 chunks of flesh


   Skills:
 + Level 5.0 Fighting
 + Level 5.1 Axes
 + Level 2.3 Armour
 + Level 2.7 Dodging
 + Level 1.3 Stealth


You had 5 spell levels left.
You didn't know any spells.
Your spell library was empty.

Dungeon Overview and Level Annotations

Branches:
Dungeon (4/15)
 Temple: D:4-7

Altars:
Ashenzari
Dithmenos
Hepliaklqana
Qazlal
Ru
Wu Jian
Zin


Innate Abilities, Weirdness & Mutations

You are resistant to torment.
Your stone body is resilient. (AC +4)
You are immune to poison.
You resist negative energy. (rN+)
You are resistant to electric shocks. (rElec)
You can survive without breathing.
You are immune to petrification.
You are immune to rotting.


Message History

The orc priest hits you but does no damage.
Something completely misses you.
Unknown command.
You are too berserk!
You barely miss the orc priest.
The orc priest is severely wounded.
You hit something. You hit the orc. The orc priest closely misses you.
The orc hits you with a flail.
* * * LOW HITPOINT WARNING * * *
Unknown command.
You hit the orc priest.
The orc priest is almost dead.
You slash the orc!
You kill the orc!
Trog accepts your kill.
You closely miss something.
You hear some strange, mumbled words.
A puff of flame appears from out of thin air!
The puff of flame hits you!
You die...

... ###.# ##. ##
#<#.###... ..
#.#...#.. .#
#.#...#.###.#
.#.###.#.#.#.....##
.................>.
o#.#.####.#.....####.#
.. .. #.#..@o......#
...#.##.#....){.######
................# .
..?#...###....# #...
#!...# ##.# #....# #.
#....# .. #?...# ###
#....#


You could see an orc priest.

Vanquished Creatures
  A necrophage (D:3)
  An ogre (D:2)
  A worker ant (D:4)
  7 gnolls (D:3)
  2 adders (D:3)
  2 oozes
  5 worms
  2 dart slugs
  2 leopard geckos (D:1)
  2 orcs
  A ball python (D:2)
  3 giant cockroaches
  10 goblins
  9 hobgoblins
  7 jackals
  5 bats
  4 frilled lizards
  14 kobolds
  4 rats
82 creatures vanquished.

Notes
Turn   | Place    | Note
-------+----------+-------------------------------------------
     0 | D:1      | Fang the Gargoyle Berserker began the quest for the Orb.
     0 | D:1      | Reached XP level 1. HP: 14/14 MP: 1/1
   342 | D:1      | Reached XP level 2. HP: 19/19 MP: 2/2
   492 | D:1      | Reached XP level 3. HP: 22/24 MP: 3/3
   586 | D:1      | Found a shattered altar of Ashenzari.
  1014 | D:2      | Reached ** piety under Trog
  1375 | D:2      | Found a shadowy altar of Dithmenos.
  1382 | D:2      | Found a glowing silver altar of Zin.
  1776 | D:2      | Reached XP level 4. HP: 21/29 MP: 4/4
  1891 | D:2      | Found an ornate altar of the Wu Jian Council.
  1891 | D:2      | Noticed an ogre
  1900 | D:2      | Killed an ogre
  1900 | D:2      | Reached XP level 5. HP: 34/34 MP: 5/5
  2155 | D:2      | Reached skill level 1 in Stealth
  2221 | D:2      | Found a stormy altar of Qazlal.
  2529 | D:3      | Noticed a necrophage
  2544 | D:3      | Killed a necrophage
  2544 | D:3      | Reached XP level 6. HP: 26/39 MP: 6/6
  3455 | D:3      | Found a sacrificial altar of Ru.
  3639 | D:3      | Reached skill level 5 in Axes
  3648 | D:3      | Reached skill level 5 in Fighting
  3899 | D:3      | Found a hazy altar of Hepliaklqana.
  4175 | D:4      | HP: 1/60 [orc/flail (3)]
  4176 | D:4      | Killed from afar by an orc wizard

Skill      XL: |  1  2  3  4  5  6 |
---------------+-------------------+-----
Axes           | 3 4 5 |  5.1
Fighting       | 4 5 |  5.0
Dodging        | 2 |  2.7
Stealth        | 1 |  1.3
Armour         | |  2.3

Action                   |  1- 3 |  4- 6 || total
-------------------------+-------+-------++-------
Melee: Hand axe          |   117 |   198 ||   315
Invok: Berserk           |     2 |     3 ||     5
 Stab: Sleeping          |       |     2 ||     2
  Eat: Chunk             |     4 |    10 ||    14
Armor: Animal skin       |    37 |    71 ||   108
Dodge: Dodged            |    74 |   154 ||   228
